 Dungeon Crawl Stone Soup version 0.22-a0-812-g4c1e2d5471 (webtiles) character file.

114 KristianNielsen the Shield-Bearer (level 4, -1/29 HPs)
             Began as a Gargoyle Fighter on July 23, 2018.
             Slain by a jackal (2 damage)
             ... on level 3 of the Dungeon.
             The game lasted 00:04:25 (1960 turns).

KristianNielsen the Shield-Bearer (GrFi)            Turns: 1960, Time: 00:04:26

Health: -1/29      AC: 15    Str: 20    XL:     4   Next: 97%
Magic:  4/4        EV:  3    Int:  9    God:
Gold:   163        SH:  9    Dex:  9    Spells: 3/3 levels left

rFire    . . .     SeeInvis .   a - +0 flail
rCold    . . .     Gourm    .   c - +0 shield
rNeg     + . .     Faith    .   k - +0 plate armour
rPois    ∞         Spirit   .   (no helmet)
rElec    +         Reflect  .   (no cloak)
rCorr    .         Harm     .   (no gloves)
MR       .....                  (no boots)
Stlth    ..........             (no amulet)
HPRegen  0.09/turn              (no ring)
MPRegen  0.09/turn              (no ring)

@: no status effects
A: negative energy resistance 1, electricity resistance, unbreathing,
petrification resistance, rot immunity, AC +3
a: no special abilities


You were on level 3 of the Dungeon.
You were not hungry.

You visited 1 branch of the dungeon, and saw 3 of its levels.

You collected 163 gold pieces.

Inventory:

Hand Weapons
 a - a +0 flail (weapon)
Armour
 c - a +0 shield (worn)
 k - a +0 plate armour (worn)
 n - a +0 pair of boots
Jewellery
 t - an uncursed ring of protection from magic {unknown}
 v - an uncursed ring of wizardry {unknown}
Wands
 u - a wand of random effects (24)
Scrolls
 e - 2 scrolls of magic mapping {unknown}
 g - a scroll of teleportation {unknown}
 h - a scroll of fear {unknown}
 j - 4 scrolls of remove curse {unknown}
 l - a scroll of blinking {unknown}
 p - a scroll of identify {unknown}
 q - a scroll of enchant armour {unknown}
 s - a scroll of enchant weapon {unknown}
Potions
 b - 2 potions of brilliance {unknown}
 d - a potion of might
 i - 2 potions of flight {unknown}
 m - a potion of heal wounds {unknown}
 o - a potion of cancellation {unknown}
Comestibles
 f - 7 rations
 r - 8 chunks of flesh


   Skills:
 + Level 4.0 Fighting
 * Level 3.2 Maces & Flails
 + Level 4.0 Armour
 - Level 4.0 Shields


You had 3 spell levels left.
You didn't know any spells.
Your spell library was empty.

Dungeon Overview and Level Annotations

Branches:
Dungeon (3/15)

Altars:
Ashenzari


Innate Abilities, Weirdness & Mutations

You are resistant to torment.
Your stone body is resilient. (AC +3)
You are immune to poison.
You resist negative energy. (rN+)
You are resistant to electric shocks. (rElec)
You can survive without breathing.
You are immune to petrification.
You are immune to rotting.


Message History

You block the frilled lizard's attack.
The quokka bites you but does no damage.
The orc hits you but does no damage.
The leopard gecko bites you but does no damage.
You block the rat's attack.
The jackal bites you but does no damage.
The orc completely misses you.
The frilled lizard bites you but does no damage.
The jackal bites you but does no damage.
The leopard gecko bites you but does no damage.
The orc barely misses you. You block the bat's attack.
The frilled lizard bites you but does no damage.
The quokka bites you.
* * * LOW HITPOINT WARNING * * *
The bat hits you but does no damage. The bat barely misses you.
You block the jackal's attack.
The leopard gecko hisses menacingly.
The leopard gecko bites you but does no damage.
The bat barely misses you. The jackal bites you.
You die...

##............#####...........#
..............# #.####......#
....####.#.....# #.#..'......#
...............# #.#.##...+###
...............#####.#.#.#.#+####
...........>.....................
...............o.................
.............).hg................
.............rro@................
##............llb................
.....................###.........
.........#...........############
.......................# #......
?.......#.......##.....# #......
......).........##.....####......
.......#.#......######...........
...h...._.......####............>


You could see 2 orcs, a leopard gecko, a quokka, a jackal, a goblin, a bat, a
frilled lizard and a rat.

Vanquished Creatures
  An orc priest (D:3)
  2 adders (D:2)
  2 worms (D:2)
  2 dart slugs
  A leopard gecko (D:2)
  4 orcs
  10 bats
  3 giant cockroaches
  4 goblins (D:1)
  7 hobgoblins
  A quokka (D:3)
  A frilled lizard (D:2)
  6 kobolds
  6 rats
50 creatures vanquished.

Notes
Turn   | Place    | Note
-------+----------+-------------------------------------------
     0 | D:1      | KristianNielsen the Gargoyle Fighter began the quest for the Orb.
     0 | D:1      | Reached XP level 1. HP: 14/14 MP: 1/1
   290 | D:1      | Reached XP level 2. HP: 19/19 MP: 2/2
   549 | D:1      | Reached XP level 3. HP: 23/23 MP: 3/3
  1573 | D:2      | Reached XP level 4. HP: 28/29 MP: 4/4
  1873 | D:3      | Found a shattered altar of Ashenzari.
  1959 | D:3      | HP: 1/29 [quokka (3)]
  1960 | D:3      | Slain by a jackal

Vault maps used:
D:1:      scummos_arrival_simple_crosswalls, minmay_tromino_v4_a
D:3:      lemuel_crystal_altar, minitemple, first_ration

Skill      XL: |  1  2  3  4 |
---------------+-------------+-----
Maces & Flails | 3 |  3.2
Fighting       | 4 |  4.0
Armour         | 4 |  4.0
Shields        | 4 |  4.0

Action                   |  1- 3 |  4- 6 || total
-------------------------+-------+-------++-------
Melee: Flail             |   191 |    52 ||   243
  Eat: Chunk             |     3 |     1 ||     4
Armor: Scale mail        |    83 |       ||    83
       Plate armour      |   115 |   110 ||   225
Dodge: Dodged            |    43 |    29 ||    72
Block: Shield            |   132 |    71 ||   203

Table legend:
 A = Spawn XP
 B = Non-spawn XP
 C = Spawn XP percentage of total XP
 D = Spawn monster count
 E = Non-spawn monster count
 F = Spawn count percentage of total count
 G = Total turns spent on level
                    A         B        C        D         E        F      G
               +---------+---------+-------+---------+---------+-------+---------
         Total |       0 |     163 |   0.0 |       0 |      50 |   0.0 |  1960
               +---------+---------+-------+---------+---------+-------+---------
           D:1 |       0 |      41 |   0.0 |       0 |      25 |   0.0 |   883
           D:2 |       0 |      63 |   0.0 |       0 |      17 |   0.0 |   919
           D:3 |       0 |      59 |   0.0 |       0 |       8 |   0.0 |   158
               +---------+---------+-------+---------+---------+-------+---------
